 Dungeon Crawl Stone Soup version 0.22.1-1-ga44c0e5 (webtiles) character file.

36 rabbit the Chopper (level 3, -2/33 HPs)
             Began as a Hill Orc Monk on Oct 16, 2018.
             Slain by a gnoll
             ... wielding a +0 spear
              (4 damage)
             ... on level 4 of the Dungeon.
             The game lasted 00:03:14 (1457 turns).

rabbit the Chopper (Hill Orc Monk)                  Turns: 1457, Time: 00:03:15

Health: -2/33      AC:  2    Str: 14    XL:     3   Next: 37%
Magic:  0/3        EV: 13    Int: 10    God:
Gold:   34         SH:  0    Dex: 13    Spells: 2/2 levels left

rFire    . . .     SeeInvis .   a - +0 hand axe
rCold    . . .     Gourm    .   (no shield)
rNeg     . . .     Faith    .   b - +0 robe
rPois    .         Spirit   +   (no helmet)
rElec    .         Reflect  .   (no cloak)
rCorr    .         Harm     .   (no gloves)
MR       .....                  (no boots)
Stlth    ++........             f - amulet of guardian spirit
HPRegen  0.11/turn              (no ring)
MPRegen  0.08/turn              (no ring)

@: no status effects
A: no striking features
a: no special abilities


You were on level 4 of the Dungeon.
You were hungry.

You visited 1 branch of the dungeon, and saw 4 of its levels.

You collected 34 gold pieces.

Inventory:

Hand Weapons
 a - a +0 hand axe (weapon)
Missiles
 g - 23 stones (quivered)
 j - a throwing net
Armour
 b - a +0 robe (worn)
Jewellery
 f - an amulet of guardian spirit (around neck)
Scrolls
 e - a scroll of fear {unknown}
 k - a scroll of teleportation {unknown}
Potions
 h - a potion of flight {unknown}
 i - a potion of agility {unknown}
 l - a potion of heal wounds {unknown}
 m - a potion of brilliance {unknown}
Comestibles
 c - 4 rations


   Skills:
 + Level 3.9 Fighting
 + Level 4.8 Axes
 + Level 2.7 Dodging
 + Level 1.9 Stealth


You had 2 spell levels left.
You didn't know any spells.
Your spell library contained the following spells:

 Spells                   Type           Power        Failure   Level  Hunger
 Sting                    Conj/Pois      #...         36%         1    ##.....
 Poisonous Vapours        Pois/Air       #.....       50%         2    ###....


Dungeon Overview and Level Annotations

Branches:
Dungeon (4/15)             Temple (0/1) D:4

Altars:
Cheibriados
Fedhas
Trog


Message History

The gnoll shouts!
You hear a shout! x2
A gnoll comes into view. It is wielding a spear.
You hear a shout!
The gnoll shouts! 2 gnolls come into view.
The gnoll shouts! x2
The gnoll hits you from afar with a spear.
The gnoll hits you with a spear! The gnoll hits you with a spear.
As you read the scroll labeled ULEPSUSCHIEDY, it crumbles to dust.
You feel aware of your surroundings.
You sensed 1 altar, and 2 shops/portals.
It was a scroll of magic mapping.
The gnoll hits you with a spear.
* * * LOW HITPOINT WARNING * * *
The gnoll hits you with a spear.
* * * LOW HITPOINT WARNING * * *
The orc hits you.
* * * LOW HITPOINT WARNING * * *
Unknown command.
Unknown command.
The gnoll hits you with a spear.
You die...

,,,* *,,,,,,* *,,*,,* ***,**,*
,,,* *,,,,,,**#.##*,***,,,**,,
,,,* *****,***...#*,#*,,****,,
,,,* *,**,...#*.#*,***,.,, ,,,*
*******,,,,...#....,* #.#.# ,,,*
*,,,,,,,,,,........#* #.#.#
,,,****,****,**,.g..#**#..###....
,,,,,,,,,,,,,*###g..#####........
,,,,,,,*****###o@g.....##.>......
,,*,**** ##aa.##..##.##.#......
,**,,** ##.(###**....##.#._..8.
****,,* #.a## **##...........
**,*** #.## ####......#.....
*,,,* #.# #....#........_.
*******,* #.# #.##............
*,,,,,*,**#a######....####.#...##
*,,,,,*,,*#a....$....##....###.#


You could see 3 worker ants, 3 gnolls and an orc.

Vanquished Creatures
  An adder (D:4)
  3 dart slugs
  An orc (D:4)
  A giant cockroach (D:1)
  3 goblins
  3 hobgoblins
  2 kobolds (D:1)
  A ball python (D:1)
  2 bats (D:1)
  2 frilled lizards
  A rat (D:1)
20 creatures vanquished.

Notes
Turn   | Place    | Note
-------+----------+-------------------------------------------
     0 | D:1      | rabbit the Hill Orc Monk began the quest for the Orb.
     0 | D:1      | Reached XP level 1. HP: 19/19 MP: 1/1
   135 | D:1      | Reached XP level 2. HP: 26/26 MP: 2/2
  1040 | D:4      | Found a blossoming altar of Fedhas.
  1040 | D:4      | Found a bloodstained altar of Trog.
  1040 | D:4      | Found a snail-covered altar of Cheibriados.
  1048 | D:4      | Reached XP level 3. HP: 14/33 MP: 3/3
  1300 | D:4      | Identified the Compendium of Intoxication
  1457 | D:4      | Slain by a gnoll

Action                   || total
-------------------------++-------
Melee: Hand axe          ||    71
Throw: Stone             ||     1
  Use: Scroll            ||     1
 Stab: Sleeping          ||     1
  Eat: Chunk             ||     1
Armor: Robe              ||     8
Dodge: Dodged            ||    46
